AoeStats
← limetree1978

MegaRandom

509763037Analyzed
3v3 RM · 4d ago on Sep 27, 2026· 55m 12s· 6 players
Game mode
Random Map
Map size
Normal (6 player)
Population
200
Speed
Normal
Resources
Standard
Victory
Conquest
Starting age
Dark Age
Ending age
Imperial Age
RankedLock teamsTeams togetherTeam positionsShared explorationLock speedFull tech treeHidden civsTurbo modeCheats
Victory
Defeat
🇧🇷 Shu · Brazil
873
+6
🇧🇷 Cumans · Brazil
843
+7
🇧🇷 Goths · Brazil
780
+12
🇨🇦 Portuguese · Canada
675
-10
🇧🇷 Sicilians · Brazil
615
-7
🇺🇸 Spanish · United States
540
-5
cizzoro
12:59 Feudal Age
21:03 Castle Age
25:10 Wheelbarrow
34:09 Imperial Age
TrezÉtranj
8:46 Loom
12:46 Feudal Age
13:17 Double-Bit Axe
13:33 Gold Mining
13:59 Horse Collar
17:51 Stone Mining
18:53 Town Watch
21:12 Castle Age
20:08 Scale Mail Armor
20:27 Fletching
22:09 Forging
22:05 Pikeman
23:54 Chain Mail Armor
34:55 Imperial Age
32:40 Bow Saw
33:56 Town Patrol
36:05 Conscription
47:39 Scale Barding Armor
limetree1978
12:50 Feudal Age
13:19 Horse Collar
14:25 Double-Bit Axe
22:04 Gold Mining
24:36 Castle Age
22:39 Stone Mining
22:50 Arson
24:25 Scale Mail Armor
25:32 Heavy Plow
25:25 Pikeman
27:09 Bow Saw
29:07 Padded Archer Armor
35:53 Imperial Age
33:57 Squires
34:40 Scale Barding Armor
35:15 Wheelbarrow
35:11 Husbandry
35:57 Leather Archer Armor
36:25 Fervor
36:29 Fletching
36:29 Town Watch
36:30 Loom
37:06 Hand Cart
37:24 Chain Mail Armor
38:32 Stone Shaft Mining
38:20 Chain Barding Armor
40:11 Chemistry
40:09 Bodkin Arrow
40:10 Halberdier
40:18 Light Cavalry
42:50 Plate Barding Armor
42:50 Arrowslits
42:53 Cavalier
44:55 Hoardings
45:41 Plate Mail Armor
45:42 Inquisition
47:15 Ring Archer Armor
48:12 Forging
48:02 Bracer
51:31 Iron Casting
50:39 Man-at-Arms
51:04 Gambesons
54:22 Blast Furnace
Parsa
11:42 Feudal Age
15:08 Wheelbarrow
17:47 Loom
17:58 Double-Bit Axe
19:01 Town Watch
21:31 Castle Age
24:14 Gold Mining
26:07 Horse Collar
29:03 Forging
29:00 Scale Barding Armor
28:55 Scale Mail Armor
28:46 Fletching
28:56 Padded Archer Armor
30:31 Hand Cart
33:01 Chain Barding Armor
32:36 Bodkin Arrow
37:56 Imperial Age
36:06 Town Patrol
38:55 Heavy Plow
39:33 Iron Casting
39:14 Chain Mail Armor
39:34 Plate Barding Armor
39:14 Leather Archer Armor
39:32 Conscription
39:33 Cavalier
43:37 Paladin
46:50 Elite Kipchak
50:46 Ballistics
51:28 Chemistry
53:51 Ring Archer Armor
53:51 Plate Mail Armor
54:22 Blast Furnace
Jeba Venenosa
3:34 Loom
13:38 Feudal Age
19:16 Wheelbarrow
19:43 Gold Mining
22:58 Castle Age
24:29 Husbandry
25:28 Hand Cart
44:56 Bloodlines
Matao
2:25 Loom
12:23 Feudal Age
16:49 Castle Age
15:12 Double-Bit Axe
15:10 Horse Collar
15:37 Gold Mining
16:24 Stone Mining
21:54 Fervor
25:53 Wheelbarrow
26:13 Bow Saw
26:40 Gold Shaft Mining
26:39 Heavy Plow
28:43 Elite Skirmisher
30:22 Hand Cart
29:52 Town Watch
35:09 Imperial Age
34:07 Forging
33:58 Scale Mail Armor
33:58 Padded Archer Armor
33:49 Fletching
34:35 Ballistics
36:11 Conscription
40:26 Chemistry
45:03 Leather Archer Armor
44:44 Bodkin Arrow
47:52 Heavy Cavalry Archer
50:59 Pikeman
51:40 Squires
53:18 Halberdier
Connection lost

Rejoining the realm…

Still unreachable

The connection could not be restored.

Session expired

The server has moved on; the page needs a fresh start.